 Dungeon Crawl Stone Soup version 0.23.0-42-geed6394480 (webtiles) character file.

Game seed: 16605591824443117370

13066 LostNumber the Martial Artist (level 12, -2/91 HPs)
             Began as a Gnoll Transmuter on Mar 1, 2019.
             Was an Elder of Cheibriados.
             Slain by Fannar
             ... wielding a +0 quarterstaff of freezing
              (4 damage)
             ... on level 11 of the Dungeon.
             The game lasted 00:24:27 (13404 turns).

LostNumber the Martial Artist (Gnoll Transmuter)   Turns: 13404, Time: 00:24:28

Health: -2/91      AC:  2    Str: 23    XL:     12   Next: 2%
Magic:  12/24      EV: 31    Int: 28    God:    Cheibriados [****..]
Gold:   572        SH:  0    Dex: 30    Spells: 13/28 levels left

rFire    + . .     SeeInvis .     - Unarmed
rCold    . . .     Gourm    .   (shield currently unavailable)
rNeg     . . .     Faith    .   (armour currently unavailable)
rPois    x         Spirit   .   (helmet currently unavailable)
rElec    .         Reflect  .   (cloak currently unavailable)
rCorr    .         Harm     .   (gloves currently unavailable)
MR       .....                  (boots currently unavailable)
Stlth    ++++......             (no amulet)
HPRegen  0.25/turn              i - ring of protection from fire
MPRegen  0.19/turn              (no ring)

@: spider-form, very slow
A: tiny, distributed training, strong nose
a: End Transformation, Bend Time, Temporal Distortion, Slouch, Renounce Religion


You were on level 11 of the Dungeon.
You worshipped Cheibriados.
Cheibriados was greatly pleased with you.
You were not hungry.
You were a venomous arachnid creature.
You visited 1 branch of the dungeon, and saw 11 of its levels.

You collected 572 gold pieces.

Inventory:

Hand Weapons
 G - the cursed +1 shortbow of Ascent {velocity, *Corrode rElec rF+ rC+++ Dex-3, unknown}
   (You found it on level 8 of the Dungeon)

   Any arrow fired from it inflicts extra damage.
   It affects your dexterity (-3).
   It protects you from fire.
   It renders you almost immune to cold.
   It insulates you from electricity.
   It may corrode you when you take damage.
   It has a curse placed upon it.
Missiles
 a - 233 arrows
 m - 4 throwing nets (quivered) {!f}
Armour
 b - a +0 robe
 o - a +0 helmet (melded)
   (You took it off Robin on level 1 of the Dungeon)
 y - the +3 ring mail "Vephagiq" {-Tele rPois Str+4}
   (You found it on level 4 of the Dungeon)

   It affects your strength (+4).
   It protects you from poison.
   It prevents most forms of teleportation.
 z - a +0 pair of gloves (melded)
   (You found it on level 4 of the Dungeon)
 E - +0 swamp dragon scales (melded)
   (You found it on level 1 of the Dungeon)
 F - a +1 scale mail of fire resistance
   (You took it off Harold on level 8 of the Dungeon)
Jewellery
 i - a ring of protection from fire (left front leg)
   (You found it on level 10 of the Dungeon)
 r - an uncursed ring of ice
   (You found it on level 9 of the Dungeon)
Wands
 d - a wand of iceblast (8)
   (You found it on level 10 of the Dungeon)
 t - a wand of flame (4)
   (You found it on level 10 of the Dungeon)
 x - a wand of acid (10)
   (You took it off Harold on level 8 of the Dungeon)
Scrolls
 f - 2 scrolls of amnesia {unknown}
 g - 3 scrolls of blinking {unknown}
 j - 4 scrolls of remove curse {@r2}
 n - 3 scrolls of teleportation {@r4}
 w - 3 scrolls of enchant weapon {unknown}
 C - 5 scrolls of enchant armour {unknown}
 J - 3 scrolls of immolation {!r}
 K - 3 scrolls of magic mapping {unknown}
 L - a scroll of identify {@r1}
Potions
 c - 3 potions of invisibility
 h - 2 potions of curing {@q1}
 k - 2 potions of flight
 l - 2 potions of haste {@q3}
 p - 4 potions of lignification {!q}
 q - 5 potions of brilliance
 s - a potion of berserk rage {unknown}
 u - a potion of agility {unknown}
 v - a potion of might
 B - a potion of heal wounds {@q2}
 D - a potion of cancellation {unknown}
 H - 2 potions of magic {unknown}
 I - a potion of mutation {unknown}
Comestibles
 e - 30 rations {!d}
 A - 3 chunks of flesh


   Skills:
 + Level 7.2 Fighting
 + Level 6.7 Short Blades
 + Level 6.7 Long Blades
 + Level 6.7 Axes
 + Level 6.7 Maces & Flails
 + Level 6.7 Polearms
 + Level 6.7 Staves
 + Level 6.7 Slings
 + Level 6.7 Bows
 + Level 6.7 Crossbows
 + Level 6.7 Throwing
 + Level 6.7 Armour
 + Level 8.2 Dodging
 + Level 6.7 Stealth
 + Level 6.7 Shields
 + Level 9.4 Unarmed Combat
 + Level 8.5 Spellcasting
 + Level 5.5 Conjurations
 + Level 5.5 Hexes
 + Level 5.5 Charms
 + Level 5.5 Summonings
 + Level 5.5 Necromancy
 + Level 5.5 Translocations
 + Level 6.8 Transmutations
 + Level 5.5 Fire Magic
 + Level 5.5 Ice Magic
 + Level 5.5 Air Magic
 + Level 5.5 Earth Magic
 + Level 5.5 Poison Magic
 + Level 7.4 Invocations
 + Level 6.7 Evocations


You had 13 spell levels left.
You knew the following spells:

 Your Spells              Type           Power        Failure   Level  Hunger
a - Beastly Appendage     Tmut           ######       2%          1    None
b - Blade Hands           Tmut           ######....   21%         5    ####...
c - Ice Form              Ice/Tmut       #####...     12%         4    #......
s - Sticks to Snakes      Tmut           ######..     3%          2    None
x - Spider Form           Tmut/Pois      #####.....   5%          3    None

Your spell library contained the following spells:

 Spells                   Type           Power        Failure   Level  Hunger
 Confusing Touch          Hex            #####.       3%          1    None
 Confuse                  Hex            #####...     6%          3    None
 Gell's Gravitas          Tloc           #####.....   6%          3    None
 Petrify                  Tmut/Erth      #####...     12%         4    #......
 Yara's Violent Unravell  Hex/Tmut       #####.....   24%         5    ####...
 Metabolic Englaciation   Hex/Ice        #####.....   30%         5    ####...


Dungeon Overview and Level Annotations

Branches:
Dungeon (11/15)            Temple (0/1) D:4            Lair (0/6) D:11
    Orc (0/2) D:11

Altars:
Cheibriados
Makhleb
Ru
Sif Muna
Uskayaw
Xom

Shops:
D:5 [   D:9 (

Annotations:
D:3 1 runed translucent door, literoy's ghost, amateur MiBe
D:11 Fannar


Innate Abilities, Weirdness & Mutations

Your experience applies equally to all skills.
((You have very sharp teeth.))
Your uncanny sense of smell can sniff out nearby items.


Message History

You kill the troll!
Cheibriados appreciates the change of pace.
You feel somewhat more hungry.
Cheibriados lowers the support of your attributes as your movement quickens.
The manticore misses you. The manticore claws you. The manticore misses you.
Fannar completely misses you.
Unknown command.
You hit the manticore but do no damage. The manticore completely misses you.
The manticore claws you! The manticore completely misses you.
You bite the manticore!
You kill the manticore!
Cheibriados thoroughly appreciates the change of pace.
You have reached level 12!
Your experience leads to an increase in your attributes!
Your base attributes are Str 14, Int 18, Dex 15.
Increase (S)trength, (I)ntelligence, or (D)exterity?
You feel clever.
You feel agile.
Fannar hits you with a +0 quarterstaff of freezing.
Fannar freezes you.
Unknown command.
You hit Fannar.
Fannar is poisoned.
Fannar completely misses you.
You maul Fannar!!
Fannar looks as sick as possible!
Fannar barely misses you.
You hit Fannar.
Fannar looks as sick as possible!
Fannar completely misses you.
You hit Fannar but do no damage.
Fannar looks as sick as possible!
You carefully extract the barbed spikes from your body.
You hit Fannar.
Fannar looks as sick as possible!
Fannar glares icily.
Fannar misses you.
You bite Fannar!
Fannar hits you with a +0 quarterstaff of freezing.
Fannar freezes you.
* * * LOW HITPOINT WARNING * * *
You hit Fannar but do no damage.
Fannar hits you with a +0 quarterstaff of freezing!
* * * LOW HITPOINT WARNING * * *
Fannar freezes you.
* * * LOW HITPOINT WARNING * * *
You closely miss Fannar.
Unknown command.
You hit Fannar but do no damage.
Fannar looks as sick as possible!
Fannar mumbles some strange words.
Fannar drains the heat from the surrounding environment!
You feel very cold.
* * * LOW HITPOINT WARNING * * *
Fannar is frozen.
Fannar resists.
You closely miss Fannar.
Fannar hits you with a +0 quarterstaff of freezing!
* * * LOW HITPOINT WARNING * * *
Fannar freezes you.
You die...

.#. #.##.# #..#
#.#........ .....
..#.##...####.####
#........# ?.[.
#...##.#.# #..# ###
#......#.##...## #.###
#......).......#
###.#.##
#.#####......e†......#
#...#... #.......# #s#
#.#####. ####.##.# ∆
#.# #...#..| #. #.# ∆
#.# #.# ###.#.##
#.##.# #.#####.# #...#
#.##.# ∆ #†...##.#
##..# #.##.# ####.##.#
#..# #.##.### # #.##.#
#..# #.##..##.# #.##.#
#..#
#.##...#.#####.##.#
#..#


You could see Fannar.

Vanquished Creatures
  Gastronok (D:9)
  Harold (D:8)
  A two-headed ogre (D:11)
  Pikel (D:8)
  An ugly thing (D:9)
  A manticore (D:11)
  A centaur zombie (D:11)
  A gargoyle (D:10)
  A kobold demonologist (D:11)
  A troll (D:11)
  Grinder (D:6)
  Sigmund (D:4)
  A vampire (D:10)
  6 yaks (D:10)
  3 wyverns
  A hungry ghost (D:9)
  Menkaure (D:6)
  6 orc warriors
  A slave (D:8)
  2 eyes of draining
  3 phantoms
  2 ice beasts
  2 sky beasts
  A necrophage (D:11)
  7 ogres
  7 centaurs
  2 big kobolds (D:11)
  5 bullfrogs
  2 gnoll sergeants
  A wyvern skeleton (D:10)
  4 scorpions
  4 wights (D:7)
  18 killer bees
  5 howler monkeys
  A quasit (D:10)
  A bullfrog skeleton (D:7)
  3 bullfrog zombies
  4 crimson imps
  4 hounds
  7 orc priests
  A centaur skeleton (D:5)
  3 jellies
  11 orc wizards
  6 iguanas
  8 worker ants
  3 hound skeletons
  A worker ant zombie (D:5)
  Robin (D:1)
  6 adders
  3 shadow imps
  2 oozes
  An adder zombie (D:7)
  An adder skeleton (D:5)
  2 worms
  4 dart slugs (D:1)
  6 leopard geckos
  42 orcs
  6 bats
  6 giant cockroaches
  10 goblins (D:1)
  12 hobgoblins
  10 jackals
  4 quokkas
  2 ball pythons (D:2)
  8 frilled lizards
  7 kobolds
  A leopard gecko zombie (D:5)
  A quokka zombie (D:9)
  5 rats
289 creatures vanquished.

Vanquished Creatures (collateral kills)
  2 killer bees (D:7)
  A wight (D:7)
  A howler monkey (D:10)
  A jelly (D:7)
  A centaur skeleton (D:7)
  A worker ant (D:7)
  An orc (D:7)
8 creatures vanquished.

Vanquished Creatures (others)
  An ogre (D:8)
  2 bullfrogs (D:8)
  A killer bee (D:8)
  A worker ant (D:8)
  An adder (D:8)
  An orc (D:8)
  A leopard gecko zombie (D:8)
  A plant (D:1)
  5 toadstools (D:1)
14 creatures vanquished.

Grand Total: 311 creatures vanquished

Notes
Turn   | Place    | Note
-------+----------+-------------------------------------------
     0 | D:1      | LostNumber the Gnoll Transmuter began the quest for the
                  | Orb.
     0 | D:1      | Reached XP level 1. HP: 17/17 MP: 6/6
    81 | D:1      | Reached XP level 2. HP: 21/23 MP: 7/7
    98 | D:1      | Learned a level 2 spell: Sticks to Snakes
   481 | D:1      | Reached XP level 3. HP: 24/28 MP: 9/9
   540 | D:1      | Reached skill level 5 in Spellcasting
   935 | D:2      | Noticed Robin
   947 | D:1      | Killed Robin
   947 | D:1      | Reached skill level 1 in Invocations
  1096 | D:1      | Reached skill level 1 in Short Blades
  1096 | D:1      | Reached skill level 1 in Long Blades
  1096 | D:1      | Reached skill level 1 in Axes
  1096 | D:1      | Reached skill level 1 in Maces & Flails
  1096 | D:1      | Reached skill level 1 in Polearms
  1096 | D:1      | Reached skill level 1 in Staves
  1096 | D:1      | Reached skill level 1 in Slings
  1096 | D:1      | Reached skill level 1 in Bows
  1096 | D:1      | Reached skill level 1 in Crossbows
  1096 | D:1      | Reached skill level 1 in Throwing
  1096 | D:1      | Reached skill level 1 in Armour
  1096 | D:1      | Reached skill level 1 in Stealth
  1096 | D:1      | Reached skill level 1 in Shields
  1096 | D:1      | Reached skill level 1 in Evocations
  1103 | D:1      | Reached XP level 4. HP: 34/34 MP: 8/11
  1302 | D:2      | Reached skill level 1 in Conjurations
  1302 | D:2      | Reached skill level 1 in Hexes
  1302 | D:2      | Reached skill level 1 in Charms
  1302 | D:2      | Reached skill level 1 in Summonings
  1302 | D:2      | Reached skill level 1 in Necromancy
  1302 | D:2      | Reached skill level 1 in Translocations
  1302 | D:2      | Reached skill level 1 in Fire Magic
  1302 | D:2      | Reached skill level 1 in Ice Magic
  1302 | D:2      | Reached skill level 1 in Air Magic
  1302 | D:2      | Reached skill level 1 in Earth Magic
  1302 | D:2      | Reached skill level 1 in Poison Magic
  1312 | D:2      | Reached XP level 5. HP: 14/40 MP: 8/12
  1515 | D:2      | Learned a level 3 spell: Spider Form
  2069 | D:3      | Noticed an ogre
  2082 | D:3      | Killed an ogre
  2302 | D:3      | Found a runed translucent door.
  2302 | D:3      | Noticed literoy's ghost (amateur MiBe)
  2492 | D:3      | Found a hide-covered altar of Uskayaw.
  2494 | D:3      | Found a deep blue altar of Sif Muna.
  2555 | D:3      | Found a sacrificial altar of Ru.
  2816 | D:4      | Noticed Sigmund
  2887 | D:4      | Killed Sigmund
  2887 | D:4      | Reached skill level 5 in Dodging
  2887 | D:4      | Reached XP level 6. HP: 47/47 MP: 9/14
  2946 | D:4      | Got an encrusted ring mail
  2972 | D:4      | Identified the +3 ring mail "Vephagiq" {-Tele rPois Str+4}
                  | (You found it on level 4 of the Dungeon)
  2985 | D:4      | Found a snail-covered altar of Cheibriados.
  2996 | D:4      | Became a worshipper of Cheibriados the Contemplative
  3129 | D:4      | Reached XP level 7. HP: 52/52 MP: 13/15
  3269 | D:4      | Found a staircase to the Ecumenical Temple.
  3313 | D:4      | Reached skill level 7 in Unarmed Combat
  3950 | D:5      | Entered Level 5 of the Dungeon
  3991 | D:5      | Reached * piety under Cheibriados
  4267 | D:5      | Found Teith's Antique Armour Shop.
  4371 | D:5      | Reached XP level 8. HP: 49/60 MP: 10/16
  4459 | D:5      | Learned a level 4 spell: Ice Form
  4934 | D:6      | Found a snail-covered altar of Cheibriados.
  5169 | D:6      | Noticed Menkaure
  5175 | D:6      | Killed Menkaure
  5175 | D:6      | Reached ** piety under Cheibriados
  5257 | D:6      | Noticed Grinder
  5263 | D:6      | Paralysed by Grinder for 2 turns
  5268 | D:6      | Killed Grinder
  5365 | D:6      | Reached XP level 9. HP: 53/66 MP: 18/18
  5433 | D:6      | Found a burning altar of Makhleb.
  5514 | D:6      | Reached skill level 5 in Transmutations
  5700 | D:6      | Noticed a cacodemon
  5703 | D:6      | Noticed an orange demon
  6298 | D:7      | Reached skill level 5 in Fighting
  6848 | D:7      | Reached *** piety under Cheibriados
  7133 | D:7      | Reached skill level 8 in Unarmed Combat
  7459 | D:7      | Reached skill level 5 in Invocations
  7480 | D:7      | Reached **** piety under Cheibriados
  8113 | D:8      | Noticed Harold
  8136 | D:8      | Reached XP level 10. HP: 42/74 MP: 16/20
  8148 | D:8      | Killed Harold
  8148 | D:8      | Reached skill level 5 in Short Blades
  8148 | D:8      | Reached skill level 5 in Long Blades
  8148 | D:8      | Reached skill level 5 in Axes
  8148 | D:8      | Reached skill level 5 in Maces & Flails
  8148 | D:8      | Reached skill level 5 in Polearms
  8148 | D:8      | Reached skill level 5 in Staves
  8148 | D:8      | Reached skill level 5 in Slings
  8148 | D:8      | Reached skill level 5 in Bows
  8148 | D:8      | Reached skill level 5 in Crossbows
  8148 | D:8      | Reached skill level 5 in Throwing
  8148 | D:8      | Reached skill level 5 in Armour
  8148 | D:8      | Reached skill level 5 in Stealth
  8148 | D:8      | Reached skill level 5 in Shields
  8148 | D:8      | Reached skill level 5 in Evocations
  8462 | D:8      | Got a brightly glowing shortbow
  8561 | D:8      | Noticed Pikel
  8575 | D:8      | Killed Pikel
  8616 | D:8      | Found a shimmering altar of Xom.
  9132 | D:8      | You fall through a shaft for 3 floors!
  9133 | D:11     | Noticed a kobold demonologist
  9138 | D:11     | Killed a kobold demonologist
  9189 | D:11     | Noticed a manticore
  9237 | D:11     | Found a staircase to the Orcish Mines.
  9513 | D:11     | Noticed Fannar
  9549 | D:11     | Noticed a two-headed ogre
  9561 | D:11     | Killed a two-headed ogre
  9561 | D:11     | Reached XP level 11. HP: 81/82 MP: 18/22
  9586 | D:11     | Learned a level 5 spell: Blade Hands
  9587 | D:10     | Entered Level 10 of the Dungeon
  9983 | D:10     | Reached skill level 9 in Unarmed Combat
 10027 | D:10     | Reached skill level 5 in Conjurations
 10027 | D:10     | Reached skill level 5 in Hexes
 10027 | D:10     | Reached skill level 5 in Charms
 10027 | D:10     | Reached skill level 5 in Summonings
 10027 | D:10     | Reached skill level 5 in Necromancy
 10027 | D:10     | Reached skill level 5 in Translocations
 10027 | D:10     | Reached skill level 5 in Fire Magic
 10027 | D:10     | Reached skill level 5 in Ice Magic
 10027 | D:10     | Reached skill level 5 in Air Magic
 10027 | D:10     | Reached skill level 5 in Earth Magic
 10027 | D:10     | Reached skill level 5 in Poison Magic
 10660 | D:9      | Noticed a white ugly thing
 10673 | D:9      | Killed a white ugly thing
 11245 | D:9      | Noticed Gastronok
 11270 | D:9      | Killed Gastronok
 11276 | D:9      | Reached ***** piety under Cheibriados
 11545 | D:9      | Found Qeclox's Weapon Shoppe.
 13306 | D:11     | Found a staircase to the Lair.
 13394 | D:11     | Killed a manticore
 13394 | D:11     | Reached XP level 12. HP: 59/91 MP: 10/24
 13404 | D:11     | HP: 2/91 [Fannar/+0 quarterstaff of freezing (8)]
 13404 | D:11     | Slain by Fannar

Skill      XL: |  1  2  3  4  5  6  7  8  9 10 11 |
---------------+----------------------------------+-----
Spellcasting   | 5 6 7 8 |  8.5
Invocations    | 1 2 3 4 5 6 7 |  7.4
Short Blades   | 1 2 3 4 5 6 |  6.7
Long Blades    | 1 2 3 4 5 6 |  6.7
Axes           | 1 2 3 4 5 6 |  6.7
Maces & Flails | 1 2 3 4 5 6 |  6.7
Polearms       | 1 2 3 4 5 6 |  6.7
Staves         | 1 2 3 4 5 6 |  6.7
Slings         | 1 2 3 4 5 6 |  6.7
Bows           | 1 2 3 4 5 6 |  6.7
Crossbows      | 1 2 3 4 5 6 |  6.7
Throwing       | 1 2 3 4 5 6 |  6.7
Armour         | 1 2 3 4 5 6 |  6.7
Stealth        | 1 2 3 4 5 6 |  6.7
Shields        | 1 2 3 4 5 6 |  6.7
Evocations     | 1 2 3 4 5 6 |  6.7
Conjurations   | 1 2 3 4 5 |  5.5
Hexes          | 1 2 3 4 5 |  5.5
Charms         | 1 2 3 4 5 |  5.5
Summonings     | 1 2 3 4 5 |  5.5
Necromancy     | 1 2 3 4 5 |  5.5
Translocations | 1 2 3 4 5 |  5.5
Fire Magic     | 1 2 3 4 5 |  5.5
Ice Magic      | 1 2 3 4 5 |  5.5
Air Magic      | 1 2 3 4 5 |  5.5
Earth Magic    | 1 2 3 4 5 |  5.5
Poison Magic   | 1 2 3 4 5 |  5.5
Fighting       | 3 4 5 6 7 |  7.2
Transmutations | 4 5 6 |  6.8
Dodging        | 5 6 7 8 |  8.2
Unarmed Combat | 7 8 9 |  9.4

Action                   |  1- 3 |  4- 6 |  7- 9 | 10-12 || total
-------------------------+-------+-------+-------+-------++-------
Melee: Unarmed           |    89 |   132 |   413 |   375 ||  1009
       Bite              |     4 |     9 |    39 |    41 ||    93
       Kick              |     7 |     8 |    91 |    74 ||   180
       Punch             |     1 |     3 |    24 |     7 ||    35
 Cast: Beastly Appendage |     9 |     5 |    25 |    23 ||    62
       Sticks to Snakes  |     2 |     5 |    19 |    13 ||    39
       Spider Form       |       |     3 |    10 |    12 ||    25
Invok: Bend Time         |       |       |       |     1 ||     1
       Slouch            |       |       |       |     5 ||     5
  Use: Scroll            |       |       |     9 |     6 ||    15
       Potion            |       |       |     1 |       ||     1
 Stab: Sleeping          |     2 |     1 |     4 |     9 ||    16
       Distracted        |       |       |     4 |     4 ||     8
  Eat: Chunk             |     1 |     6 |     6 |    11 ||    24
       Ration            |       |       |     1 |       ||     1
Armor: Robe              |     6 |       |       |       ||     6
       Swamp dragon scal |    26 |    27 |   107 |    42 ||   202
       Skin              |       |       |     8 |     4 ||    12
Dodge: Dodged            |   105 |    69 |   366 |   373 ||   913
